 Dungeon Crawl Stone Soup version 0.27.0-1-g7a089689b8 (webtiles) character file.

Game seed: 3506818064837984132

11 sanka the Magician (level 2, 0/13 HPs)
             Began as a Vine Stalker Hedge Wizard on Aug 1, 2021.
             Slain by a jackal (2 damage)
             ... on level 1 of the Dungeon.
             The game lasted 00:00:57 (1015 turns).

sanka the Magician (Vine Stalker Hedge Wizard)      Turns: 1015, Time: 00:00:58

Health: 0/13       AC:  2    Str: 18    XL:     2   Next: 29%
Magic:  0/7        EV: 12    Int: 14    God:
Gold:   51         SH:  0    Dex: 13    Spells: 7/8 levels left

rFire    . . .     SeeInvis .   a - +0 dagger
rCold    . . .     Faith    .   (no shield)
rNeg     . . .     Spirit   +   b - +0 robe
rPois    .         Reflect  .   c - +0 hat
rElec    .         Harm     .   (no cloak)
rCorr    +         Rampage  .   (no gloves)
Will     .....                  (no boots)
Stlth    ++........             (no amulet)
HPRegen  0.04/turn              e - +6 ring of strength
MPRegen  0.10/turn              i - ring of resist corrosion

@: very slightly contaminated
A: fangs 2, magic shield, antimagic bite, no potion heal 2
a: no special abilities


You were on level 1 of the Dungeon.
You visited 1 branch of the dungeon, and saw 1 of its levels.

You collected 51 gold pieces.


Innate Abilities, Weirdness & Mutations

You have extremely sharp teeth.
When hurt, damage is shared between your health and your magic reserves.
Your bite disrupts and absorbs the magic of your enemies.
Potions cannot restore your health.


   Skills:
 - Level 1.5 Dodging
 - Level 2.4 Stealth
 + Level 3.6 Spellcasting
 - Level 1.0 Conjurations
 + Level 1.7 Summonings
 - Level 1.0 Translocations


You had 7 spell levels left.
You knew the following spells:

 Your Spells              Type           Power      Damage    Failure   Level
z - Magic Dart            Conj           20%        1d4       13%         1

Your spell library contained the following spells:

 Spells                   Type           Power      Damage    Failure   Level
 Call Imp                 Summ           7%         N/A       16%         2
 Blink                    Tloc           N/A        N/A       21%         2
 Slow                     Hex            2%         N/A       30%         2
 Conjure Flame            Conj/Fire      3%         6-21      45%         3
 Mephitic Cloud           Conj/Pois/Air  3%         N/A       47%         3

Inventory:

Hand Weapons
 a - a +0 dagger (weapon)
Armour
 b - a +0 robe (worn)
 c - a +0 hat (worn)
Jewellery
 e - a +6 ring of strength (left hand)
 i - a ring of resist corrosion (right hand)
Scrolls
 d - a scroll of immolation {unknown}
 k - 2 scrolls of fear {unknown}
 l - a scroll of identify {unknown}
 m - 2 scrolls of teleportation {unknown}
Potions
 f - a potion of heal wounds {unknown}
 g - a potion of mutation {unknown}
 h - a potion of resistance {unknown}
 j - 2 potions of curing {unknown}

Dungeon Overview and Level Annotations

Branches:
Dungeon (1/15)

Altars:

...▒ ▒.▒▒▒▒...▒ ▒▒.▒ ▒.▒ ▒.▒▒▒
...▒▒▒▒▒.▒▒▒▒.▒
..............▒
...▒▒▒▒▒.▒▒▒..▒ ▒▒.▒
▒▒...▒▒..▒ ▒.▒ ▒.....▒..▒ ▒.▒
▒▒......h▒▒▒▒▒▒ ..▒
▒▒.▒▒.▒lhhf..▒ ▒▒▒
▒†▒▒...▒▒▒▒.▒ ▒.▒▒▒▒▒▒ ▒.▒▒▒
▒h▒ ▒...▒ ... ▒▒▒.▒ ▒▒▒▒ .....
▒▒▒.▒ ▒▒▒.▒. .......
▒▒.▒.▒▒▒▒▒▒▒..▒..
.........▒▒▒▒....▒▒.....▒...▒
+.........+............▒...▒..


You could see 3 jackals and a frilled lizard.


Message History

You barely miss the jackal. The jackal bites you.
You closely miss the jackal. Your bite misses the jackal.
The jackal closely misses you. The jackal misses you.
You hit the jackal. Your bite misses the jackal.
The jackal is lightly wounded.
The jackal bites you.
You don't know that spell.
The jackal closely misses you. The jackal misses you. The jackal bites you.
* * * LOW HITPOINT WARNING * * *
You see here a +0 dagger.
You miscast Magic Dart.
You are very lightly contaminated with residual magic.
Nothing appears to happen.
The jackal bites you.
* * * LOW HITPOINT WARNING * * *
The jackal barely misses you.
The magic dart hits the jackal but does no damage.
The jackal is lightly wounded.
The jackal bites you.
* * * LOW HITPOINT WARNING * * *
The magic dart hits the jackal but does no damage.
The jackal is lightly wounded.
The jackal bites you.
You die...

Action                   || total
-------------------------++-------
Melee: Dagger            ||    29
       Bite              ||     6
 Cast: Magic Dart        ||    22
 Stab: Sleeping          ||     1
Armor: Robe              ||     5
Dodge: Dodged            ||    23

Levels and vault maps discovered:
D:1:      eino_arrival_water_cross, layout_loops_corners,
          hellmonk_ecumenical_altar_lost_god, hex_medium

Notes
Turn   | Place    | Note
-------+----------+-------------------------------------------
     0 | D:1      | sanka the Vine Stalker Hedge Wizard began the quest for the
                  | Orb.
     0 | D:1      | Reached XP level 1. HP: 9/9 MP: 5/5
   645 | D:1      | Reached XP level 2. HP: 13/13 MP: 5/7
  1015 | D:1      | Slain by a jackal

Vanquished Creatures
  2 giant cockroaches (D:1)
  A goblin (D:1)
  A hobgoblin (D:1)
  A jackal (D:1)
  A ball python (D:1)
  A bat (D:1)
  A frilled lizard (D:1)
  2 kobolds (D:1)
  2 rats (D:1)
12 creatures vanquished.
